 Dungeon Crawl Stone Soup version 0.29.1-2-gbd0b4ee654 (webtiles) character file.

Game seed: 14411720658777190013

7621 NinjaNoafa the Basher (level 10, -23/86 HPs)
             Began as a Minotaur Fighter on Nov 21, 2022.
             Was a Follower of Uskayaw.
             Annihilated by a two-headed ogre
             ... wielding a +0 giant spiked club
              (38 damage)
             ... on level 10 of the Dungeon.
             The game lasted 00:20:28 (12978 turns).

NinjaNoafa the Basher (Minotaur Fighter)           Turns: 12978, Time: 00:20:29

Health: -23/86     AC: 14    Str: 26    XL:     10   Next: 98%
Magic:  12/12      EV:  6    Int:  5    God:    Uskayaw [*.....]
Gold:   730        SH:  9    Dex:  9    Spells: 9/9 levels left

rFire   . . .      SeeInvis .   C - +4 mace (flame)
rCold   . . .      Faith    .   O - +0 kite shield
rNeg    . . .      Spirit   .   J - +0 plate armour
rPois   .          Reflect  .   (helmet restricted)
rElec   .          Harm     +   a - scarf {harm}
rCorr   .          Rampage  .   i - +0 pair of gloves
Will    +....                   (no boots)
Stlth   ..........              (no amulet)
HPRegen 0.24/turn               p - ring of willpower
MPRegen 0.13/turn               (no ring)

@: no status effects
A: horns 2, retaliatory headbutt
a: Renounce Religion, Stomp


You were on level 10 of the Dungeon.
You worshipped Uskayaw.
Uskayaw was noncommittal.
You visited 2 branches of the dungeon, and saw 11 of its levels.
You also visited: Ossuary.

You collected 730 gold pieces.

Inventory:

Hand Weapons
 C - a +4 mace of flaming (weapon)
Missiles
 e - 102 stones
 m - 31 poisoned darts
 q - 9 boomerangs (quivered)
 s - 8 curare-tipped darts
 z - a throwing net
Armour
 a - a scarf of harm (worn)
 i - a +0 pair of gloves (worn)
 J - a +0 plate armour (worn)
 O - a +0 kite shield (worn)
Jewellery
 p - a ring of willpower (left hand)
Wands
 b - a wand of roots (7)
 x - a wand of polymorph (14)
 y - a wand of digging (4)
 E - a wand of charming (4)
 I - a wand of mindburst (1)
Scrolls
 c - a scroll of poison
 f - 3 scrolls of enchant weapon {unknown}
 j - 2 scrolls of blinking
 k - 4 scrolls of fear
 o - 4 scrolls of vulnerability {unknown}
 r - 4 scrolls of teleportation
 v - a scroll of amnesia
 D - 3 scrolls of immolation {unknown}
 F - a scroll of summoning {unknown}
 K - a scroll of enchant armour {unknown}
 L - 2 scrolls of butterflies {unknown}
 M - a scroll of identify
Potions
 g - 3 potions of brilliance
 h - 3 potions of attraction {unknown}
 l - a potion of lignification {unknown}
 n - 5 potions of flight
 t - a potion of berserk rage
 u - 3 potions of curing
 w - a potion of magic {unknown}
 A - 2 potions of invisibility {unknown}
 B - 3 potions of heal wounds {unknown}
 G - a potion of haste
 H - a potion of ambrosia {unknown}
Miscellaneous
 N - a box of beasts


   Skills:
 + Level 7.4 Fighting
 - Level 13.3(14.0) Maces & Flails
 - Level 6.7(10.9) Staves
 + Level 7.5 Armour
 + Level 7.4 Shields
 + Level 4.4 Invocations
 + Level 4.0 Evocations


You had 9 spell levels left.
You didn't know any spells.
Your spell library contained the following spells:

 Spells                   Type           Power      Damage    Failure   Level
 Freeze                   Ice            0%         1d3       100%        1
 Slow                     Hex            0%         N/A       100%        1
 Static Discharge         Conj/Air       0%         3-3/arc   100%        2
 Sublimation of Blood     Necr           0%         N/A       100%        2
 Wereblood                Tmut           0%         N/A       100%        2
 Confusing Touch          Hex            0%         N/A       100%        3
 Frozen Ramparts          Ice            0%         1d1       100%        3
 Gell's Gravitas          Tloc           0%         N/A       100%        3
 Lesser Beckoning         Tloc           0%         N/A       100%        3
 Teleport Other           Tloc           0%         N/A       100%        3
 Vampiric Draining        Necr           0%         2d6       100%        3
 Hailstorm                Conj/Ice       0%         3d3       100%        4
 Lightning Bolt           Conj/Air       0%         1d11      100%        5
 Summon Forest            Summ/Tloc      0%         N/A       100%        5
 Eringya's Noxious Bog    Tmut/Pois      0%         N/A       100%        6
 Summon Hydra             Summ           0%         N/A       100%        7
 Maxwell's Capacitive Co  Air            0%         ∞         100%        8


Dungeon Overview and Level Annotations

Branches:
Dungeon (10/15)            Temple (1/1) D:5            Lair (0/5) D:8
    Orc (0/2) D:9         Ossuary (visited)

Altars:
Ashenzari
Cheibriados
Dithmenos
Elyvilon
Fedhas
Gozag
Hepliaklqana
Kikubaaqudgha
Makhleb
Nemelex Xobeh
Okawaru
Qazlal
Ru
Sif Muna
Trog
Uskayaw
Vehumet
Wu Jian
Xom
Yredelemnul
Zin
The Shining One

Shops:
D:8 *

Portals:
Abyss: D:7

Annotations:
D:7 2 transporters, Icepheonix32's ghost, novice OpTm


Innate Abilities, Weirdness & Mutations

You have a pair of horns on your head.
You reflexively headbutt those who attack you in melee.


Message History

You see here a +0 ring mail.
You see here a yak skeleton.
You see here a +0 dagger.
You see here a +0 dagger.
Items here: )) [ ÷.
You see here a yak skeleton.
Key pressed, stopping explore.
A two-headed ogre comes into view.
It is wielding two +0 giant spiked clubs.
The two-headed ogre shouts in stereo!
Aiming: Mindburst
Press: ? - help, Shift-Dir - straight line, f - two-headed ogre
Aim: a two-headed ogre, wielding two +0 giant spiked clubs (chance to affect: 64%)
The two-headed ogre's minds are blasted!
The two-headed ogre hits you with a +0 giant spiked club!
The two-headed ogre hits you with a +0 giant spiked club!!
You closely miss the two-headed ogre.
The two-headed ogre is moderately wounded.
You hit the two-headed ogre. You burn the two-headed ogre.
You headbutt the two-headed ogre!
The two-headed ogre is severely wounded.
The two-headed ogre hits you but does no damage.
You block the two-headed ogre's attack.
You can now pass through a line of other dancers.
You barely miss the two-headed ogre.
The two-headed ogre is severely wounded.
The two-headed ogre hits you with a +0 giant spiked club!!
* * * LOW HITPOINT WARNING * * *
The two-headed ogre hits you with a +0 giant spiked club!
* * * LOW HITPOINT WARNING * * *
You can no longer pass through a line of other dancers.
Aiming: Mindburst
Press: ? - help, Shift-Dir - straight line, f/p - two-headed ogre
Aim: a two-headed ogre, wielding two +0 giant spiked clubs (severely wounded, chance to affect: 64%)
The two-headed ogre struggles to resist.
The two-headed ogre attacks as you move away!
You block the two-headed ogre's attack. x2
Items here: )) [[.
You open the door.
The two-headed ogre hits you with a +0 giant spiked club!!
You die...

.......##### #.##########.##
.###.......# #.............#
.......###.# ##..###........#
.###.#)###.#
##.))###.####...##
.##.÷....#.###.....##.#
#.###.#
.##.÷#.#.).........##.# #.#
#.# .##.÷#.###)#####...##.#
#.###.# .....)....)#
#O####.###....## ...........#
#@# #........# ###........#
##'## #####.#### ####.....#
##...## #.# ##...####....<##
#.## ##.#.####.......## #..##
##....###.........####...#####
#.......'.........'...........
##....###.........####...#####
##.#.# ##.......## #..##


You could see a two-headed ogre.

Vanquished Creatures
  Harold (D:9)
  A kobold demonologist (D:10)
  A komodo dragon (D:8)
  A hornet (D:7)
  Grinder (D:3)
  6 yaks (D:10)
  A wyvern (D:9)
  A shadow (D:10)
  Grum (D:10)
  2 basilisks (D:8)
  A steam dragon (D:7)
  2 water moccasins (D:8)
  A sky beast (D:7)
  3 black bears
  4 orc warriors
  A swamp drake (D:8)
  2 ice beasts (D:7)
  3 ogres
  4 wolves (D:10)
  A phantom (D:4)
  2 centaurs (D:9)
  4 kobold brigands
  A bullfrog (D:8)
  An elf zombie (Ossuary)
  A necrophage (D:6)
  2 scorpions
  4 wights (D:9)
  4 killer bees (D:8)
  A howler monkey (D:6)
  A centaur zombie (Ossuary)
  2 hounds
  A gnoll bouda (D:6)
  4 orc priests
  4 human zombies (Ossuary)
  Crazy Yiuf (D:3)
  Jessica (D:2)
  13 orc wizards
  Natasha (D:2)
  6 iguanas
  2 hound zombies (Ossuary)
  3 mummies (Ossuary)
  Robin (D:3)
  4 gnolls (D:6)
  9 adders
  3 white imps
  5 adder zombies (Ossuary)
  2 worms
  2 dart slugs
  42 orcs
  4 endoplasms
  2 giant cockroaches
  3 gnoll zombies (Ossuary)
  16 goblins
  5 hobgoblins
  4 quokkas
  10 ball pythons
  2 bats
  5 frilled lizards
  3 goblin zombies (Ossuary)
  4 hobgoblin zombies (Ossuary)
  3 jackal zombies (Ossuary)
  30 kobolds
  3 kobold zombies (Ossuary)
  An orc zombie (Ossuary)
  2 quokka zombies (Ossuary)
  10 rats
  3 rat zombies (Ossuary)
275 creatures vanquished.

Vanquished Creatures (others)
  An orc (D:6)
  3 toadstools (D:7)
4 creatures vanquished.

Grand Total: 279 creatures vanquished

Notes
Turn   | Place    | Note
-------+----------+-------------------------------------------
     0 | D:1      | NinjaNoafa the Minotaur Fighter began the quest for the
                  | Orb.
     0 | D:1      | Reached XP level 1. HP: 19/19 MP: 0/0
   292 | D:1      | Reached skill level 3 in Maces & Flails
   510 | D:1      | Reached XP level 2. HP: 24/26 MP: 1/1
  1128 | D:2      | Reached skill level 4 in Maces & Flails
  1217 | D:2      | Reached XP level 3. HP: 27/31 MP: 2/2
  1587 | D:2      | Reached skill level 5 in Maces & Flails
  1764 | D:2      | Noticed Jessica
  1773 | D:2      | Killed Jessica
  1774 | D:2      | Reached XP level 4. HP: 16/39 MP: 3/3
  1954 | D:2      | Found a faded altar of an unknown god.
  2294 | D:3      | Reached skill level 6 in Maces & Flails
  2371 | D:3      | Noticed Grinder
  2378 | D:3      | Killed Grinder
  2379 | D:3      | Reached skill level 7 in Maces & Flails
  2379 | D:3      | Reached XP level 5. HP: 39/45 MP: 4/4
  2379 | D:3      | Reached XP level 6. HP: 44/51 MP: 5/5
  2510 | D:3      | Noticed Natasha
  2514 | D:3      | Noticed Robin
  2541 | D:2      | Killed Natasha
  2542 | D:2      | Reached skill level 8 in Maces & Flails
  2758 | D:3      | Killed Robin
  3106 | D:3      | Found a runed translucent door.
  3107 | D:3      | Noticed Crazy Yiuf
  3119 | D:3      | Killed Crazy Yiuf
  3420 | D:4      | Reached skill level 1 in Staves
  3874 | D:4      | Reached XP level 7. HP: 55/57 MP: 6/6
  3984 | D:4      | Reached skill level 5 in Staves
  4438 | D:5      | Entered Level 5 of the Dungeon
  4949 | D:5      | Reached skill level 9 in Maces & Flails
  4949 | D:5      | Reached XP level 8. HP: 45/64 MP: 7/7
  5321 | D:5      | Reached skill level 10 in Maces & Flails
  5399 | D:5      | Found a burning altar of Makhleb.
  5447 | D:5      | Found a staircase to the Ecumenical Temple.
  5453 | Temple   | Entered the Ecumenical Temple
  5606 | Temple   | Became a worshipper of Uskayaw the Reveller
  5921 | D:6      | Reached * piety under Uskayaw
  5923 | D:6      | Reached ** piety under Uskayaw
  5930 | D:6      | Reached *** piety under Uskayaw
  5934 | D:6      | Reached **** piety under Uskayaw
  6153 | D:6      | Found a sand-covered staircase.
  6163 | Ossuary  | Entered an ossuary
  6203 | Ossuary  | Reached skill level 11 in Maces & Flails
  6562 | D:6      | Found a basalt altar of Yredelemnul.
  6677 | D:6      | Reached skill level 12 in Maces & Flails
  6796 | D:6      | Found an ancient bone altar of Kikubaaqudgha.
  6850 | D:6      | Reached XP level 9. HP: 41/70 MP: 8/8
  7368 | D:7      | Found a transporter.
  7368 | D:7      | Noticed a toenail golem
  7372 | D:7      | Found a one-way gate to the infinite horrors of the Abyss.
  7372 | D:7      | Noticed Icepheonix32's ghost (novice OpTm)
  7373 | D:7      | Noticed a cyan ugly thing
  7470 | D:7      | Found a white marble altar of Elyvilon.
  7515 | D:7      | Reached skill level 13 in Maces & Flails
  8051 | D:7      | Found a sparkling altar of Nemelex Xobeh.
  8157 | D:7      | Paralysed by a hornet for 1 turns
  8472 | D:7      | Found a transporter.
  8829 | D:8      | Reached skill level 5 in Fighting
  8829 | D:8      | Reached skill level 5 in Armour
  8829 | D:8      | Reached skill level 5 in Shields
  8831 | D:8      | Reached ***** piety under Uskayaw
  9160 | D:8      | Reached skill level 1 in Invocations
  9259 | D:8      | Reached skill level 1 in Evocations
  9430 | D:8      | Found a shimmering blue altar of Sif Muna.
  9845 | D:8      | Noticed a komodo dragon
  9850 | D:8      | Killed a komodo dragon
  9851 | D:8      | Reached XP level 10. HP: 63/83 MP: 10/10
  9893 | D:8      | Found a staircase to the Lair.
 10312 | D:8      | Found Wirafip's Demolitions Depot.
 10330 | D:8      | Found a sacrificial altar of Ru.
 10758 | D:9      | Found a staircase to the Orcish Mines.
 10772 | D:9      | Found an opulent altar of Gozag.
 10806 | D:9      | Identified the +3 dagger "Orb Guardian's Regret" {speed,
                  | Stlth+}
 10848 | D:9      | Noticed Harold
 10857 | D:9      | Killed Harold
 11526 | D:9      | Found an ornate altar of the Wu Jian Council.
 11797 | D:10     | Entered Level 10 of the Dungeon
 12020 | D:10     | Noticed Grum
 12032 | D:10     | Killed Grum
 12330 | D:10     | Found a shimmering altar of Xom.
 12515 | D:10     | Noticed an orange demon
 12956 | D:10     | Noticed a two-headed ogre
 12978 | D:10     | Annihilated by a two-headed ogre

Illustrated notes

Levels and vault maps discovered:
D:1:      matt_arrival_refuge, layout_loops_ring, serial_bayou,
          serial_bayou_lagoon_a, serial_bayou_shore_a, serial_bayou_pond_b,
          serial_bayou_pond_e, minmay_misc_feat_pillars
D:2:      layout_rooms, shapermc_ecumenical_altar_acropolis, st_stairs_3,
          uniq_jessica
D:3:      layout_basic, uniq_natasha, uniq_robin, uniq_grinder,
          uniq_crazy_yiuf_cottage
D:4:      layout_gridville
D:5:      nicolae_cairo_tiling_large_dashed, layout_gridville,
          mainiacjoe_overflow_surrounded_room,
          minmay_temple_entry_enclosed_plants
D:6:      layout_loops_ring, lemuel_coloured_pillars_altar, lemuel_doored_altar,
          nicolae_ossuary_entry_ruins
D:7:      layout_loops_ring, mainiacjoe_overflow_brackets,
          mainiacjoe_overflow_24_doors, gammafunk_ghost_abyssal_escape,
          chequers_serial_rivers_small_b, minmay_misc_feat_chi,
          minmay_gold_behind_fungi
D:8:      layout_loops_ring, lemuel_tele_altar, kennysheep_orc_sif_temple,
          erik_lair_dragon, serial_rivers, chequers_serial_rivers_large_b,
          chequers_serial_rivers_small_a, chequers_serial_rivers_micro_e,
          chequers_serial_rivers_room_a, dreamdust_princess_bridge,
          nicolae_blasting_shop, chequers_hall_statues_wall_a
D:9:      layout_basic, kennysheep_mini, mainiacjoe_overflow_tiny_flanked,
          orc_0_dummy, uniq_harold
D:10:     layout_loops_corners, lemuel_crystal_altar,
          amcnicky_mini_corridor_feature, uniq_gastronok, uniq_grum, uniq_lodul
Temple:   hc_temple_tempest_star

Skill      XL: |  1  2  3  4  5  6  7  8  9 10 |
---------------+-------------------------------+-----
Maces & Flails | 3 4 5 7 8 9 12 13 | 13.3
Staves         | 3 6 |  6.7
Fighting       | 5 7 |  7.4
Armour         | 5 7 |  7.5
Shields        | 5 7 |  7.4
Invocations    | 2 4 |  4.4
Evocations     | 1 4 |  4.0

Action                   |  1- 3 |  4- 6 |  7- 9 | 10-12 || total
-------------------------+-------+-------+-------+-------++-------
Melee: Flail             |    83 |    84 |       |       ||   167
       Headbutt          |    10 |    16 |    49 |    22 ||    97
       Quarterstaff      |       |    56 |    42 |       ||    98
       Mace              |       |       |   319 |   110 ||   429
Throw: Boomerang         |       |       |     9 |       ||     9
Invok: Stomp             |       |       |       |     2 ||     2
       Line Pass         |       |       |       |     1 ||     1
Evoke: Wand              |       |       |     2 |     3 ||     5
  Use: Potion            |       |     1 |     4 |     2 ||     7
       Scroll            |       |       |     9 |       ||     9
 Stab: Paralysed         |       |       |    11 |     8 ||    19
Armor: Scale mail        |    20 |       |       |       ||    20
       Chain mail        |    25 |    97 |   127 |       ||   249
       Plate armour      |       |       |    53 |    38 ||    91
Dodge: Dodged            |    39 |    80 |    96 |    20 ||   235
Block: Buckler           |    24 |    14 |    54 |     1 ||    93
       Kite shield       |       |       |       |    43 ||    43
